 Dungeon Crawl Stone Soup version 0.18-a0-1109-gfc003ac (webtiles) character file.

534 wvc the Chopper (level 7, -6/52 HPs)
             Began as a Mummy Monk on Jan 16, 2016.
             Killed from afar by Blork the orc (13 damage)
             ... with a puff of flame
             ... on level 5 of the Dungeon.
             The game lasted 00:09:14 (4169 turns).

wvc the Chopper (Mummy Monk)                        Turns: 4169, Time: 00:09:15

Health: -6/52      AC:  5    Str: 15    XL:     7   Next: 4%
Magic:  5/7        EV: 12    Int: 15    God:
Gold:   54         SH:  0    Dex: 14    Spells: 0 memorised, 6 levels left

rFire  . . .     SeeInvis .     c - +4 hand axe
rCold  + . .     Gourm    .     i - +0 ring mail {rF+}
rNeg   + + +     Faith    .     (no shield)
rPois  ∞         Spirit   .     (no helmet)
rElec  .         Dismiss  .     (no cloak)
rCorr  .         Reflect  .     (no gloves)
SustAt .         Harm     .     (no boots)
MR     .....                    (no amulet)
Stlth  +.........               (no ring)
                                g - +4 ring of intelligence

@: not resistant to hostile enchantments, very unstealthy
A: no food or potions, fire vulnerability, cold resistance 1, negative energy
resistance 3, torment resistance, unbreathing
a: no special abilities


You were on level 5 of the Dungeon.
You were not hungry.

You visited 1 branch of the dungeon, and saw 5 of its levels.

You collected 147 gold pieces.
You spent 93 gold pieces at shops.

Inventory:

Hand Weapons
 c - a +4 hand axe (weapon)
 f - a +1 antimagic executioner's axe
Missiles
 j - 87 stones (quivered)
Armour
 i - a +0 ring mail of fire resistance (worn)
Magical Staves
 k - an uncursed staff of poison
Jewellery
 d - a +3 ring of evasion {unknown}
 g - a +4 ring of intelligence (left hand)
Scrolls
 b - a scroll of remove curse
 e - 4 scrolls of magic mapping
 h - 6 scrolls of identify
 l - 2 scrolls of recharging


   Skills:
 - Level 3.0 Fighting
 * Level 5.1 Axes
 - Level 2.2 Armour
 - Level 3.1 Dodging
 - Level 1.5 Stealth
 - Level 3.2 Unarmed Combat


You had 6 spell levels left.
You didn't know any spells.

Dungeon Overview and Level Annotations

Branches:
Dungeon (5/15)
 Temple: D:4-7

Altars:
Elyvilon
Gozag
Qazlal
Ru
Xom
Yredelemnul

Shops:
D:4 =}*

Annotations:
D:4 exclusion: ogre, tasslehoff34's ghost, weakling HaBe
D:5 Blork the orc


Innate Abilities, Weirdness & Mutations

You do not eat or drink.
Your flesh is vulnerable to fire.
You are immune to poison.
Your flesh is cold resistant.
You are immune to negative energy.
You are immune to unholy pain and torment.
You can survive without breathing.


Message History

The crimson imp is moderately wounded.
Blork the orc hits you with a dire flail.
* * * LOW HITPOINT WARNING * * *
The crimson imp hits you but does no damage.
You slash Blork the orc!
Blork the orc is severely wounded.
You hit the crimson imp but do no damage.
The crimson imp is moderately wounded.
Blork the orc misses you. The crimson imp closely misses you.
Blork the orc gestures at you while chanting.
The puff of flame hits you!
* * * LOW HITPOINT WARNING * * *
You closely miss Blork the orc.
Blork the orc is severely wounded.
You barely miss the crimson imp.
The crimson imp is moderately wounded.
The crimson imp hits you but does no damage.
Blork the orc casts a spell at you. The puff of flame hits you!
You die...

.# .... .#
...## .# ...#
.# #..##.#
#..##.#
#..##o######
#...@5.....#
#.##..#.####.#
#.....#.#
#####.#.#
#.#.####
#.#..%.#
#.#..#.#
#....#.#
#....#)#


You could see Blork the orc and a crimson imp.

Vanquished Creatures
  2 ogres
  The ghost of namelastname112 the Ruffian, an amateur DrWz (D:3)
  A crimson imp (D:2)
  A hound (D:4)
  Jessica (D:2)
  3 worker ants (D:4)
  4 adders
  3 worms
  A giant gecko (D:4)
  5 orcs
  2 ball pythons
  7 giant cockroaches
  5 goblins
  9 hobgoblins
  7 jackals
  12 kobolds
  2 quokkas
  5 bats
  3 giant newts
  A jackal zombie (D:5)
  9 rats
84 creatures vanquished.

Notes
Turn   | Place    | Note
--------------------------------------------------------------
     0 | D:1      | wvc the Mummy Monk began the quest for the Orb.
     0 | D:1      | Reached XP level 1. HP: 18/18 MP: 1/1
   312 | D:1      | Reached skill level 1 in Axes
   312 | D:1      | Reached XP level 2. HP: 24/24 MP: 2/2
   896 | D:2      | Noticed Jessica
   903 | D:2      | Killed Jessica
   903 | D:2      | Reached skill level 1 in Armour
   903 | D:2      | Reached XP level 3. HP: 21/29 MP: 3/3
   938 | D:2      | Found a shimmering altar of Xom.
  1225 | D:2      | Found a white marble altar of Elyvilon.
  1233 | D:2      | Reached XP level 4. HP: 35/35 MP: 4/4
  1289 | D:2      | Found an opulent altar of Gozag.
  1464 | D:3      | Noticed namelastname112's ghost (amateur DrWz)
  1689 | D:3      | Killed namelastname112's ghost
  1689 | D:3      | Reached XP level 5. HP: 10/41 MP: 5/5
  2393 | D:4      | Noticed an ogre
  2400 | D:4      | Found Esiolenlai's Gadget Shoppe.
  2534 | D:4      | Reached XP level 6. HP: 26/47 MP: 6/6
  2672 | D:4      | Found Uterywn's Assorted Antiques.
  2676 | D:4      | Bought a scroll of identify for 62 gold pieces
  2676 | D:4      | Bought a scroll labeled TEOH JOHOIQI for 31 gold pieces
  2720 | D:4      | Found a sacrificial altar of Ru.
  2821 | D:4      | Found a basalt altar of Yredelemnul.
  2827 | D:4      | Noticed tasslehoff34's ghost (weakling HaBe)
  2840 | D:4      | Reached skill level 4 in Axes
  2846 | D:4      | Noticed an air elemental
  3552 | D:4      | Found a stormy altar of Qazlal.
  3554 | D:4      | Noticed a fire elemental
  3555 | D:4      | Noticed a water elemental
  3562 | D:4      | Found Piadu's Jewellery Boutique.
  3864 | D:5      | Entered Level 5 of the Dungeon
  3867 | D:5      | Reached skill level 5 in Axes
  3867 | D:5      | Reached XP level 7. HP: 6/52 MP: 2/7
  4155 | D:5      | Noticed Blork the orc
  4169 | D:5      | Killed from afar by Blork the orc

Vault maps used:
D:1:      dpeg_arrival_arbitrary_b
D:2:      lemuel_crystal_altar, lemuel_round_altar, grunt_gozag_statues,
          kennysheep_generic_room_13, uniq_jessica
D:4:      nicolae_ru_the_path_less_chosen, nicolae_qazlal_style_of_elements,
          kennysheep_mini, serial_shops, nicolae_shop_stone, shop_fountains,
          shop, shop_fountains, first_bread
D:5:      minmay_temple_entry_trees, kennysheep_decorative_pillar,
          grunt_pakellas_salt, uniq_pikel, uniq_blork_the_orc

Action                   |  1- 3 |  4- 6 |  7- 9 || total
-------------------------+-------+-------+-------++-------
Melee: Hand axe          |    68 |   165 |    16 ||   249
       Executioner's axe |       |    45 |       ||    45
  Use: Scroll            |       |    10 |       ||    10
 Stab: Sleeping          |     3 |     5 |       ||     8
       Distracted        |       |     1 |       ||     1
